NCAA
TENNESSEE VOLUNTEERS @ PURDUE BOILERMAKERS
05/08/2024
 
TOP OF THE 1ST
Tennessee Volunteers batting - Pitching for Purdue Boilermakers : RHP Drake Williams
Pitching: RHP Drake Williams
Batting: RHB Juan Corvarubia 0-0: Called Strike
0-1: Ball
1-1: Fly out, F8 (Flyball, 8RXD)
Batting: SHB Scott Cox 0-0: Ball
1-0: Ball
2-0: Ground out 4-3 (Groundball, 4)
Batting: RHB Tanner Albert 0-0: Ball
1-0: Ball
2-0: Ball
3-0: Base on Balls
Batting: RHB Ken Sánchez 0-0: Ball
1-0: Called Strike
1-1: Foul Ball, location: 2F
1-2: Ball
2-2: Foul Ball, location: 2F
2-2: Ball
3-2: Base on Balls
Tanner Albert to second
Batting: RHB Robert Stevens 0-0: Called Strike
0-1: Ball
1-1: Foul Ball, location: 2F
1-2: Ball
2-2: Strikes out swinging
Top of the 1st over - 0 run(s), 0 hit(s), 0 error(s), 2 left on base; Tennessee 0 - Purdue 0
BOTTOM OF THE 1ST
Purdue Boilermakers batting - Pitching for Tennessee Volunteers : LHP Pepe Pérez
Pitching: LHP Pepe Pérez
Batting: RHB Ricardo Velásquez 0-0: Called Strike
0-1: Ball
1-1: Ball
2-1: Foul Ball, location: 2F
2-2: Foul Ball, location: 2F
2-2: Ball
3-2: Base on Balls
Batting: RHB John Martin 0-0: Ball
1-0: Swinging Strike
1-1: Fly out, F9 (Flyball, 89M)
Batting: RHB Norm Scott 0-0: Foul Ball, location: 2F
0-1: Ball
1-1: Ball
2-1: Ball
3-1: Base on Balls
Ricardo Velásquez to second
Batting: RHB Jeff Mason 0-0: Ball
1-0: Foul Ball, location: 2F
1-1: Ball
2-1: Fly out, F4 (Popup, 4)
Batting: RHB Glenn Broadwater 0-0: Ball
1-0: Ball
2-0: Swinging Strike
2-1: Foul Ball, location: 2F
2-2: Fly out, F7 (Flyball, 7LM)
Bottom of the 1st over - 0 run(s), 0 hit(s), 0 error(s), 2 left on base; Tennessee 0 - Purdue 0
TOP OF THE 2ND
Tennessee Volunteers batting - Pitching for Purdue Boilermakers : RHP Drake Williams
Batting: RHB Courtnay Beck 0-0: Ball
1-0: Fly out, F3 (Popup, 4S)
Batting: RHB Travis Colbert 0-0: Called Strike
0-1: Ball
1-1: Called Strike
1-2: Foul Ball, location: 2F
1-2: Strikes out swinging
Batting: RHB Michael Sawyer 0-0: SINGLE (Line Drive, 6MD)
Batting: RHB Kevin Manning 0-0: Foul Ball, location: 2F
0-1: Foul Ball, location: 2F
0-2: Ball
Michael Sawyer is caught stealing 2nd base
Top of the 2nd over - 0 run(s), 1 hit(s), 0 error(s), 0 left on base; Tennessee 0 - Purdue 0
BOTTOM OF THE 2ND
Purdue Boilermakers batting - Pitching for Tennessee Volunteers : LHP Pepe Pérez
Batting: LHB Richard Brooks 0-0: Ground out U3 (Groundball, 3S)
Batting: RHB Henry O'Brien 0-0: Ball
1-0: Foul Ball, location: 2F
1-1: Ball
2-1: Called Strike
2-2: Ball
3-2: Base on Balls
Batting: RHB John Jamison 0-0: Called Strike
0-1: Foul Ball, location: 2F
0-2: Ball
1-2: Ball
2-2: Strikes out swinging
Batting: RHB Ryan Brown 0-0: Ground out 3-1 (Groundball, 3)
Bottom of the 2nd over - 0 run(s), 0 hit(s), 0 error(s), 1 left on base; Tennessee 0 - Purdue 0
TOP OF THE 3RD
Tennessee Volunteers batting - Pitching for Purdue Boilermakers : RHP Drake Williams
Batting: RHB Kevin Manning 0-0: Swinging Strike
0-1: Ball
1-1: Foul Ball, location: 2F
1-2: Foul Ball, location: 2F
1-2: Strikes out swinging
Batting: RHB Juan Corvarubia 0-0: Ball
1-0: Called Strike
1-1: Foul Ball, location: 2F
1-2: DOUBLE (Flyball, 8RM)
Batting: SHB Scott Cox 0-0: Swinging Strike
0-1: Ball
1-1: Foul Ball, location: 2F
1-2: Strikes out looking
Batting: RHB Tanner Albert 0-0: Ball
1-0: Called Strike
1-1: Swinging Strike
1-2: Foul Ball, location: 2F
1-2: Strikes out swinging
Top of the 3rd over - 0 run(s), 1 hit(s), 0 error(s), 1 left on base; Tennessee 0 - Purdue 0
BOTTOM OF THE 3RD
Purdue Boilermakers batting - Pitching for Tennessee Volunteers : LHP Pepe Pérez
Batting: RHB Ricardo Velásquez 0-0: Foul Ball, location: 2F
0-1: Ball
1-1: Ball
2-1: Fly out, F3 (Popup, 13)
Batting: RHB John Martin 0-0: Foul Ball, location: 2F
0-1: Swinging Strike
0-2: Fly out, F8 (Flyball, 8RM)
Batting: RHB Norm Scott 0-0: Ball
1-0: Ball
2-0: Ball
3-0: Called Strike
3-1: Foul Ball, location: 2F
3-2: Foul Ball, location: 2F
3-2: Strikes out swinging
Bottom of the 3rd over - 0 run(s), 0 hit(s), 0 error(s), 0 left on base; Tennessee 0 - Purdue 0
TOP OF THE 4TH
Tennessee Volunteers batting - Pitching for Purdue Boilermakers : RHP Drake Williams
Batting: RHB Ken Sánchez 0-0: Ball
1-0: Ball
2-0: Called Strike
2-1: Swinging Strike
2-2: Ball
3-2: Foul Ball, location: 2F
3-2: Foul Ball, location: 2F
3-2: SOLO HOME RUN (Flyball, 7D), Distance : 395 ft
Batting: RHB Robert Stevens 0-0: Called Strike
0-1: Foul Ball, location: 2F
0-2: Foul Ball, location: 2F
0-2: Foul Ball, location: 2F
0-2: Ball
1-2: Foul Ball, location: 2F
1-2: Ball
2-2: Foul Ball, location: 2F
2-2: Foul Ball, location: 2F
2-2: Foul Ball, location: 2F
2-2: Strikes out looking
Batting: RHB Courtnay Beck 0-0: Fly out, F9 (Line Drive, 89M)
Batting: RHB Travis Colbert 0-0: Swinging Strike
0-1: Ball
1-1: Ground out 4-3 (Groundball, 4)
Top of the 4th over - 1 run(s), 1 hit(s), 0 error(s), 0 left on base; Tennessee 1 - Purdue 0
BOTTOM OF THE 4TH
Purdue Boilermakers batting - Pitching for Tennessee Volunteers : LHP Pepe Pérez
Batting: RHB Jeff Mason 0-0: Ball
1-0: Called Strike
1-1: Called Strike
1-2: Foul Ball, location: 2F
1-2: Ball
2-2: Ball
3-2: Strikes out swinging
Batting: RHB Glenn Broadwater 0-0: Ball
1-0: Foul Ball, location: 2F
1-1: Ball
2-1: Foul Ball, location: 2F
2-2: Ball
3-2: Fly out, F2 (Popup, 2LF)
Batting: LHB Richard Brooks 0-0: Ball
1-0: Ball
2-0: Ball
3-0: Called Strike
3-1: Base on Balls
Batting: RHB Henry O'Brien 0-0: Ground out 4-3 (Groundball, 6M)
Bottom of the 4th over - 0 run(s), 0 hit(s), 0 error(s), 1 left on base; Tennessee 1 - Purdue 0
TOP OF THE 5TH
Tennessee Volunteers batting - Pitching for Purdue Boilermakers : RHP Drake Williams
Batting: RHB Michael Sawyer 0-0: Ground out 4-3 (Groundball, 4M)
Batting: RHB Kevin Manning 0-0: Ball
1-0: Called Strike
1-1: Ground out 6-3 (Groundball, 6)
Batting: RHB Juan Corvarubia 0-0: Fly out, F7 (Flyball, 78XD)
Top of the 5th over - 0 run(s), 0 hit(s), 0 error(s), 0 left on base; Tennessee 1 - Purdue 0
BOTTOM OF THE 5TH
Purdue Boilermakers batting - Pitching for Tennessee Volunteers : LHP Pepe Pérez
Batting: RHB John Jamison 0-0: Called Strike
0-1: Called Strike
0-2: Foul Ball, location: 2F
0-2: Strikes out swinging
Batting: RHB Ryan Brown 0-0: Ball
1-0: Ball
2-0: Called Strike
2-1: Swinging Strike
2-2: Strikes out looking
Batting: RHB Ricardo Velásquez 0-0: Ball
1-0: Ball
2-0: Foul Ball, location: 2F
2-1: Ball
3-1: Base on Balls
Batting: RHB John Martin 0-0: Swinging Strike
0-1: Swinging Strike
0-2: Strikes out swinging
Bottom of the 5th over - 0 run(s), 0 hit(s), 0 error(s), 1 left on base; Tennessee 1 - Purdue 0
TOP OF THE 6TH
Tennessee Volunteers batting - Pitching for Purdue Boilermakers : RHP Drake Williams
Batting: SHB Scott Cox 0-0: Ball
1-0: Foul Ball, location: 2F
1-1: Ball
2-1: Ball
3-1: Called Strike
3-2: Base on Balls
Pitching: RHP Ed Knox
Batting: RHB Tanner Albert 0-0: Foul Ball, location: 2F
0-1: Ball
1-1: Called Strike
1-2: Reached on error, E4 (Groundball, 4)
Scott Cox to second
Batting: RHB Ken Sánchez 0-0: Ball
1-0: Ball
2-0: Foul Ball, location: 2F
2-1: DOUBLE (Line Drive, 8LM)
Scott Cox scores
Tanner Albert to third
Batting: RHB Robert Stevens 0-0: Called Strike
0-1: Swinging Strike
0-2: Foul Ball, location: 2F
0-2: Ball
1-2: Foul Ball, location: 2F
1-2: Fly out, F3 (Popup, 13)
Batting: RHB Courtnay Beck 0-0: Fly out, F8 (Flyball, 8RM)
Runner from 3rd tags up, SCORES, throw made
Batting: RHB Travis Colbert 0-0: Called Strike
0-1: Swinging Strike
0-2: Ball
1-2: Strikes out swinging
Top of the 6th over - 2 run(s), 1 hit(s), 1 error(s), 1 left on base; Tennessee 3 - Purdue 0
BOTTOM OF THE 6TH
Purdue Boilermakers batting - Pitching for Tennessee Volunteers : LHP Pepe Pérez
Batting: RHB Norm Scott 0-0: Foul Ball, location: 2F
0-1: Swinging Strike
0-2: Fly out, F5 (Line Drive, 56)
Batting: RHB Jeff Mason 0-0: Foul Ball, location: 2F
0-1: Called Strike
0-2: Foul Ball, location: 2F
0-2: Ground out 5-3 (Groundball, 56)
Batting: RHB Glenn Broadwater 0-0: Ball
1-0: SOLO HOME RUN (Flyball, 7D), Distance : 390 ft
Batting: LHB Richard Brooks 0-0: Ball
1-0: SINGLE (Line Drive, 9S)
Pitching: RHP Ken Bryant
Batting: RHB Henry O'Brien 0-0: Ball
1-0: Foul Ball, location: 2F
1-1: Ball
2-1: Called Strike
2-2: Foul Ball, location: 2F
2-2: Ball
Richard Brooks steals 2nd base
3-2: Foul Ball, location: 2F
3-2: Base on Balls
Batting: RHB John Jamison 0-0: Ball
1-0: Ball
2-0: Fielders Choice at 2nd, 6-4 (Groundball, 6)
Bottom of the 6th over - 1 run(s), 2 hit(s), 0 error(s), 1 left on base; Tennessee 3 - Purdue 1
TOP OF THE 7TH
Tennessee Volunteers batting - Pitching for Purdue Boilermakers : RHP Ed Knox
Batting: RHB Michael Sawyer 0-0: Called Strike
0-1: Called Strike
0-2: Strikes out swinging
Batting: RHB Kevin Manning 0-0: Swinging Strike
0-1: Ball
1-1: Ball
2-1: Ball
3-1: Base on Balls
Batting: RHB Juan Corvarubia 0-0: Ball
1-0: Ball
2-0: Called Strike
2-1: Ball
3-1: Swinging Strike
3-2: Foul Ball, location: 2F
3-2: Base on Balls
Kevin Manning to second
Batting: SHB Scott Cox 0-0: Called Strike
0-1: Foul Ball, location: 2F
0-2: Ground out 4-3 (Groundball, 4M)
Kevin Manning to third
Juan Corvarubia to second
Batting: RHB Tanner Albert 0-0: Called Strike
0-1: Ball
1-1: Swinging Strike
1-2: SINGLE (Groundball, 56D)
Kevin Manning scores
Juan Corvarubia to third
Runner from 3rd tries for Home, SAFE, no throw or cutoff
Pitching: RHP Doug Stephenson
Batting: RHB Ken Sánchez 0-0: Fly out, F8 (Flyball, 8LM)
Top of the 7th over - 2 run(s), 1 hit(s), 0 error(s), 1 left on base; Tennessee 5 - Purdue 1
BOTTOM OF THE 7TH
Purdue Boilermakers batting - Pitching for Tennessee Volunteers : RHP Ken Bryant
Batting: RHB Ryan Brown 0-0: Ball
1-0: Ground out 6-3 (Groundball, 6)
Batting: RHB Ricardo Velásquez 0-0: Foul Ball, location: 2F
0-1: Swinging Strike
0-2: Ball
1-2: Strikes out swinging
Batting: RHB John Martin 0-0: SINGLE (Line Drive, 34)
Batting: RHB Norm Scott 0-0: Fly out, F8 (Flyball, 78XD)
Bottom of the 7th over - 0 run(s), 1 hit(s), 0 error(s), 1 left on base; Tennessee 5 - Purdue 1
TOP OF THE 8TH
Tennessee Volunteers batting - Pitching for Purdue Boilermakers : RHP Doug Stephenson
Batting: RHB Robert Stevens 0-0: Called Strike
0-1: Ball
1-1: Ball
2-1: Ground out 6-3 (Groundball, 6)
Batting: RHB Courtnay Beck 0-0: Ground out 5-3 (Groundball, 5)
Batting: RHB Travis Colbert 0-0: SINGLE (Groundball, 3L)
Batting: RHB Michael Sawyer 0-0: Ball
1-0: Ball
2-0: Ball
3-0: Called Strike
3-1: Fly out, F3 (Popup, 3F)
Top of the 8th over - 0 run(s), 1 hit(s), 0 error(s), 1 left on base; Tennessee 5 - Purdue 1
BOTTOM OF THE 8TH
Purdue Boilermakers batting - Pitching for Tennessee Volunteers : RHP Ken Bryant
Batting: RHB Jeff Mason 0-0: Ball
1-0: Foul Ball, location: 2F
1-1: Foul Ball, location: 2F
1-2: Ball
2-2: Ball
3-2: Foul Ball, location: 2F
3-2: Foul Ball, location: 2F
3-2: Foul Ball, location: 2F
3-2: Foul Ball, location: 2F
3-2: Foul Ball, location: 2F
3-2: Ground out 5-3 (Groundball, 5)
Batting: RHB Glenn Broadwater 0-0: Called Strike
0-1: Fly out, F8 (Flyball, 8LXD)
Batting: LHB Richard Brooks 0-0: Swinging Strike
0-1: Fly out, F6 (Line Drive, 6M)
Bottom of the 8th over - 0 run(s), 0 hit(s), 0 error(s), 0 left on base; Tennessee 5 - Purdue 1
TOP OF THE 9TH
Tennessee Volunteers batting - Pitching for Purdue Boilermakers : RHP Doug Stephenson
Batting: RHB Kevin Manning 0-0: Ball
1-0: Fly out, F9 (Line Drive, 9D)
Batting: RHB Juan Corvarubia 0-0: Foul Ball, location: 2F
0-1: Foul Ball, location: 2F
0-2: Ball
1-2: SINGLE (Groundball, 6MD)
Batting: SHB Scott Cox 0-0: Fly out, F7 (Flyball, 78M)
Batting: RHB Tanner Albert 0-0: Called Strike
0-1: Foul Ball, location: 2F
0-2: Strikes out swinging
Top of the 9th over - 0 run(s), 1 hit(s), 0 error(s), 1 left on base; Tennessee 5 - Purdue 1
BOTTOM OF THE 9TH
Purdue Boilermakers batting - Pitching for Tennessee Volunteers : RHP Ken Bryant
Pitching: RHP Lorenzo Mesquit
Batting: RHB Henry O'Brien 0-0: Ball
1-0: Ball
2-0: Foul Ball, location: 2F
2-1: Ball
3-1: Called Strike
3-2: Foul Ball, location: 2F
3-2: Strikes out swinging
Batting: RHB John Jamison 0-0: Called Strike
0-1: Ball
1-1: Ball
2-1: Ground out 6-3 (Groundball, 6)
Batting: RHB Ryan Brown 0-0: Called Strike
0-1: Foul Ball, location: 2F
0-2: Strikes out swinging
Bottom of the 9th over - 0 run(s), 0 hit(s), 0 error(s), 0 left on base; Tennessee 5 - Purdue 1
This league is powered by Out of the Park Baseball, the baseball management simulation game for PC, Mac and Linux
Saturday, April 9th, 2016 - OOTP Baseball 16.8 Build 38